 Dungeon Crawl Stone Soup version 0.29.0-13-gc9e81de378 (webtiles) character file.

Game seed: 3586151979450837559

8592 SensoryNuts the Cleaver (level 11, -18/86 HPs)
             Began as a Demonspawn Fighter on Sept 9, 2022.
             Demolished by a two-headed ogre
             ... wielding a +0 giant spiked club
              (20 damage)
             ... on level 8 of the Dungeon.
             The game lasted 00:15:27 (10301 turns).

SensoryNuts the Cleaver (Demonspawn Fighter)       Turns: 10301, Time: 00:15:27

Health: -18/86     AC: 11    Str: 20    XL:     11   Next: 11%
Magic:  11/11      EV: 14    Int: 11    God:
Gold:   356        SH:  6    Dex: 18    Spells: 10/10 levels left

rFire   . . .      SeeInvis .   x - +1 broad axe
rCold   . . .      Faith    .   c - +0 buckler
rNeg    . . .      Spirit   .   C - +0 swamp dragon scales
rPois   +          Reflect  .   (no helmet)
rElec   .          Harm     .   (no cloak)
rCorr   +          Rampage  .   (no gloves)
Will    .....      Rnd*Tele +   s - +1 pair of boots {Stlth+}
Stlth   +++.......              (no amulet)
HPRegen 0.24/turn               f - +6 ring of dexterity
MPRegen 0.12/turn               l - ring of resist corrosion

@: mighty, studying Fighting
A: repulsion field 1, spiny 1, demonic magic 2, teleportitis 1
a: no special abilities


You were on level 8 of the Dungeon.
You visited 2 branches of the dungeon, and saw 9 of its levels.

You collected 1519 gold pieces.
You spent 1163 gold pieces at shops.

Inventory:

Hand Weapons
 x - a +1 broad axe (weapon)
 B - a +2 war axe of flaming
Missiles
 t - 3 throwing nets
Armour
 b - a +0 scale mail
 c - a +0 buckler (worn)
 s - a +1 pair of boots of stealth (worn)
 u - a +0 plate armour
 C - +0 swamp dragon scales (worn)
Jewellery
 f - a +6 ring of dexterity (left hand)
 k - a ring of ice
 l - a ring of resist corrosion (right hand)
Wands
 a - a wand of digging (5)
 j - a wand of flame (11) (quivered)
 q - a wand of mindburst (19)
 r - a wand of paralysis (15)
 y - a wand of light (13)
Scrolls
 h - 2 scrolls of enchant armour
 m - a scroll of magic mapping
 z - a scroll of identify
Potions
 d - a potion of lignification
 g - 3 potions of curing
 i - 2 potions of degeneration
 o - 4 potions of brilliance
 v - a potion of might


   Skills:
 + Level 8.3 Fighting
 * Level 12.5 Axes
 + Level 6.0 Armour
 + Level 2.8 Dodging
 + Level 3.0 Stealth
 + Level 5.2 Shields
 + Level 0.3 Evocations


You had 10 spell levels left.
You didn't know any spells.
Your spell library contained the following spells:

 Spells                   Type           Power      Damage    Failure   Level
 Apportation              Tloc           0%         N/A       58%         1
 Foxfire                  Conj/Fire      0%         2x1d4     58%         1
 Freeze                   Ice            0%         1d3       58%         1
 Slow                     Hex            0%         N/A       58%         1
 Confusing Touch          Hex            0%         N/A       91%         3
 Vampiric Draining        Necr           0%         2d6       91%         3
 Passage of Golubria      Tloc           0%         N/A       100%        4
 Alistair's Intoxication  Tmut/Pois      0%         N/A       100%        5
 Silence                  Hex/Air        0%         N/A       100%        5
 Lehudib's Crystal Spear  Conj/Erth      0%         10d2      100%        8


Dungeon Overview and Level Annotations

Branches:
Dungeon (8/15)             Temple (1/1) D:4
   Lair: D:8-11

Altars:
Ashenzari
Cheibriados
Dithmenos
Fedhas
Gozag
Hepliaklqana
Kikubaaqudgha
Makhleb
Nemelex Xobeh
Okawaru
Qazlal
Ru
Sif Muna
Trog
Uskayaw
Vehumet
Wu Jian
Xom
Yredelemnul

Shops:
D:1 :[:

Annotations:
D:4 2 transporters, snackwell's ghost, weakling TrGl


Innate Abilities, Weirdness & Mutations

You are surrounded by a mild repulsion field. (EV +2)
You are partially covered in sharp spines.
Spells you cast may paralyse nearby enemies.
You are occasionally teleported next to monsters.


Message History

You block the two-headed ogre's attack. The two-headed ogre barely misses you.
You slice the two-headed ogre!!
The two-headed ogre is almost dead.
You block the two-headed ogre's attack. The two-headed ogre barely misses you.
You hit the two-headed ogre.
The two-headed ogre is almost dead.
The two-headed ogre is struck by your spines.
The two-headed ogre closely misses you.
The two-headed ogre hits you with a +0 dire flail of protection!
* * * LOW HITPOINT WARNING * * *
You slice the two-headed ogre!!
You kill the two-headed ogre!
Your Stealth skill increases to level 3!
You feel strangely unstable.
You are yanked towards some nearby monsters!
Your surroundings suddenly seem different. 2 orc wizards, 2 orcs and a two-headed ogre come into view.
Found a book of Ice.
The orc shouts!
The two-headed ogre shouts in stereo!
The orc shouts!
The orc is struck by your spines. The orc hits you but does no damage.
The orc wizard shouts!
Okay, then.
You feel very mighty all of a sudden. You block the orc's attack.
The two-headed ogre is struck by your spines.
The two-headed ogre hits you with a +0 giant spiked club!!
* * * LOW HITPOINT WARNING * * *
The two-headed ogre misses you. The orc is struck by your spines.
You kill the orc!
Okay, then.
The orc wizard casts a spell.
The orc wizard flickers and vanishes!
Deactivating autopickup; reactivate with Ctrl-A.
The orc wizard mumbles some strange words.
The orc wizard flickers and vanishes!
Unknown command.
The two-headed ogre attacks as you move away!
The two-headed ogre misses you.
The two-headed ogre hits you with a +0 giant club!!
You die...

##.....#
......#
#.....#
#.....#
#.....#
##.....#
#......#####
#...@.......
#.oO##......
#...# .....
#..)# ....
#:..# ...
#...# ##
##### #...#
#.... #####
#.... #....


You could see a two-headed ogre and an orc.

Vanquished Creatures
  3 two-headed ogres (D:8)
  A fire crab (shapeshifter) (D:8)
  Pikel (D:7)
  3 ugly things (D:8)
  Maggie (D:7)
  Grinder (D:3)
  Sigmund (D:3)
  3 yaks
  A steam dragon (D:5)
  Menkaure (D:7)
  A water moccasin (D:8)
  Duvessa (D:7)
  A black bear (D:7)
  A hornet zombie (D:5)
  2 ice beasts
  3 orc warriors
  2 ogres
  2 lemures (D:7)
  3 kobold brigands
  2 centaurs
  4 necrophages
  4 bullfrogs
  4 scorpions
  8 wights
  Dowan (D:7)
  2 killer bees
  2 electric eels (D:7)
  A howler monkey (D:8)
  A bullfrog zombie (D:5)
  An orc priest (D:6)
  A jelly (D:8)
  3 hounds
  Jessica (D:2)
  Ijyb (D:5)
  2 iguanas (D:4)
  5 orc wizards
  2 hound zombies (D:5)
  5 gnolls
  4 adders
  4 shadow imps
  A white imp (D:6)
  An ufetubus (D:7)
  A dart slug (D:3)
  27 orcs
  4 bats
  8 endoplasms
  4 giant cockroaches
  6 goblins
  9 hobgoblins
  17 kobolds
  A quokka (D:3)
  6 ball pythons
  8 frilled lizards
  2 rats (D:2)
  2 bushes (D:5)
187 creatures vanquished.

Vanquished Creatures (others)
  An adder (D:6)
  A bush (D:5)
  25 plants
27 creatures vanquished.

Grand Total: 214 creatures vanquished

Notes
Turn   | Place    | Note
-------+----------+-------------------------------------------
     0 | D:1      | SensoryNuts the Demonspawn Fighter began the quest for the
                  | Orb.
     0 | D:1      | Reached XP level 1. HP: 18/18 MP: 1/1
    51 | D:1      | Found Vouph's Antique Armour Shoppe.
   149 | D:1      | Gained mutation: You are surrounded by a mild repulsion
                  | field. (EV +2) [demonic ancestry]
   149 | D:1      | Reached XP level 2. HP: 13/24 MP: 2/2
   285 | D:1      | Found Uwotatir's Book Emporium.
   628 | D:1      | Reached skill level 2 in Axes
   855 | D:1      | Reached XP level 3. HP: 24/29 MP: 3/3
   946 | D:1      | Found Kano's Antique Armour Shoppe.
  1052 | D:1      | Found Quaxee Ygin's Book Shoppe.
  1503 | D:2      | Noticed Jessica
  1512 | D:2      | Killed Jessica
  1513 | D:2      | Reached XP level 4. HP: 11/35 MP: 4/4
  1841 | D:2      | Reached skill level 3 in Axes
  2758 | D:3      | Noticed Grinder
  2759 | D:3      | Paralysed by Grinder for 4 turns
  2764 | D:3      | Gained mutation: You are occasionally teleported next to
                  | monsters. [potion of mutation]
  2980 | D:3      | Found a faded altar of an unknown god.
  3057 | D:3      | Noticed Sigmund
  3065 | D:3      | Killed Sigmund
  3066 | D:3      | Reached skill level 4 in Axes
  3066 | D:3      | Reached XP level 5. HP: 30/41 MP: 5/5
  3066 | D:3      | Reached XP level 6. HP: 34/47 MP: 6/6
  3273 | D:3      | Killed Grinder
  3274 | D:3      | Reached skill level 5 in Axes
  3274 | D:3      | Reached skill level 1 in Dodging
  3597 | D:4      | Reached XP level 7. HP: 53/53 MP: 7/7
  3837 | D:1      | Bought a brightly glowing ring mail for 198 gold pieces
  3837 | D:1      | Identified the +1 ring mail "Kuggao" {Rampage rPois} (You
                  | bought it in a shop on level 1 of the Dungeon)
  3987 | D:4      | Found a staircase to the Ecumenical Temple.
  4005 | Temple   | Entered the Ecumenical Temple
  4197 | D:4      | Found a transporter.
  4198 | D:4      | Found a transporter.
  4523 | D:4      | Reached skill level 6 in Axes
  4547 | D:4      | Identified the +0 buckler "Hiq Hiu" {+Blink rElec Will-}
  4556 | D:4      | Noticed snackwell's ghost (weakling TrGl)
  4818 | D:5      | Entered Level 5 of the Dungeon
  5131 | D:5      | Reached skill level 1 in Stealth
  5219 | D:5      | Noticed Ijyb
  5239 | D:5      | Killed Ijyb
  5312 | D:5      | Gained mutation: You are partially covered in sharp spines.
                  | [demonic ancestry]
  5312 | D:5      | Reached XP level 8. HP: 50/60 MP: 8/8
  5625 | D:5      | Found a shadowy altar of Dithmenos.
  5675 | D:5      | Found a blossoming altar of Fedhas.
  5983 | D:5      | Reached skill level 7 in Axes
  6181 | D:6      | Identified a scroll of acquirement
  6181 | D:6      | Acquired 1111 gold pieces
  6225 | D:5      | Reached skill level 8 in Axes
  6459 | D:1      | Bought a pair of embroidered boots for 165 gold pieces
  6503 | D:1      | Bought a manual of Fighting for 800 gold pieces
  6614 | D:6      | Found an opulent altar of Gozag.
  6988 | D:5      | Gained mutation: Spells you cast may paralyse adjacent
                  | enemies. [demonic ancestry]
  6988 | D:5      | Reached XP level 9. HP: 8/64 MP: 9/9
  7613 | D:5      | Reached skill level 5 in Fighting
  7776 | D:5      | Reached skill level 5 in Armour
  7785 | D:6      | Reached skill level 9 in Axes
  8057 | D:6      | Found a shimmering blue altar of Sif Muna.
  8138 | D:6      | Got Sif Muna's Omnibus of the Blaze and Congelation
  8169 | D:6      | Found a bloodstained altar of Trog.
  8581 | D:7      | Noticed Pikel
  8597 | D:7      | Killed Pikel
  8598 | D:7      | Reached skill level 10 in Axes
  8997 | D:7      | Reached XP level 10. HP: 51/75 MP: 10/10
  9296 | D:7      | Noticed Menkaure
  9299 | D:7      | Killed Menkaure
  9507 | D:7      | Noticed Maggie
  9523 | D:7      | Killed Maggie
  9583 | D:7      | Noticed Dowan
  9584 | D:7      | Noticed Duvessa
  9590 | D:7      | Killed Dowan
  9594 | D:7      | Killed Duvessa
  9962 | D:8      | Reached skill level 11 in Axes
 10045 | D:8      | Identified the +0 leather armour of the Beggar {rF+ Str+2
                  | Int+4}
 10070 | D:8      | Noticed a centaur warrior
 10070 | D:8      | Noticed a green ugly thing
 10072 | D:8      | Noticed a two-headed ogre
 10073 | D:8      | Noticed a cyan ugly thing
 10088 | D:8      | Noticed a two-headed ogre
 10110 | D:8      | Noticed a fire crab
 10110 | D:8      | Noticed a red ugly thing
 10123 | D:8      | Killed a fire crab
 10124 | D:8      | Reached skill level 5 in Shields
 10126 | D:8      | Killed a red ugly thing
 10131 | D:8      | Killed a two-headed ogre
 10137 | D:8      | Killed a white ugly thing
 10137 | D:8      | Killed a white ugly thing
 10138 | D:8      | Reached skill level 12 in Axes
 10139 | D:8      | Killed a two-headed ogre
 10140 | D:8      | Gained mutation: Spells you cast may paralyse nearby
                  | enemies. [demonic ancestry]
 10140 | D:8      | Reached XP level 11. HP: 10/86 MP: 11/11
 10266 | D:8      | Noticed a two-headed ogre
 10274 | D:8      | Killed a two-headed ogre
 10297 | D:8      | Noticed a two-headed ogre
 10298 | D:8      | HP: 2/86 [two-headed ogre/+0 giant spiked club (20)]
 10301 | D:8      | Demolished by a two-headed ogre

Illustrated notes

Levels and vault maps discovered:
D:1:      dpeg_arrival_rooms_a, layout_basic, serial_shops, shop, shop,
          nicolae_shop_competitors_out_of_business, shop
D:2:      layout_loops_ring, lightli_corner_chamber, uniq_jessica
D:3:      layout_basic, nicolae_ecumenical_lake_church, uniq_grinder,
          uniq_sigmund
D:4:      layout_basic, mainiacjoe_overflow_small_starburst,
          minmay_temple_entry_statues_pillars, gammafunk_ghost_gnarly_gnolls,
          nicolae_figureground_pulse
D:5:      layout_basic, fedhas_altar_decomposition,
          mainiacjoe_overflow_tiny_flanked, uniq_ijyb
D:6:      layout_cave_pools, grunt_gozag_breadcrumbs,
          nzn_overflow_gifts_of_might_and_magic
D:7:      layout_gridville, serial_bayou, serial_bayou_pond_b,
          serial_bayou_crossing, serial_bayou_shore_b, serial_bayou_shore_a,
          st_stairs_14, uniq_maggie, uniq_menkaure, uniq_duvessa, uniq_pikel
D:8:      nzn_winding_woodlands_large [nzn_winding_woodlands_5x5_checkerboard,
          nzn_winding_woodlands_5x15_concentric,
          nzn_winding_woodlands_5x5_open_star,
          nzn_winding_woodlands_center_lodge,
          nzn_winding_woodlands_15x15_boxy_spiral,
          nzn_winding_woodlands_center_pierced_h,
          nzn_winding_woodlands_5x5_default, nzn_winding_woodlands_5x15_pool,
          nzn_winding_woodlands_5x5_three], layout_basic
Temple:   eino_temple_rhombus

Skill      XL: |  1  2  3  4  5  6  7  8  9 10 11 |
---------------+----------------------------------+-----
Shields        | 3 4 5 |  5.2
Axes           | 2 4 5 6 8 10 12 | 12.5
Armour         | 3 4 5 6 |  6.0
Dodging        | 1 2 |  2.8
Fighting       | 4 6 8 |  8.3
Stealth        | 1 2 3 |  3.0
Evocations     | |  0.3

Action                   |  1- 3 |  4- 6 |  7- 9 | 10-12 || total
-------------------------+-------+-------+-------+-------++-------
Melee: War axe           |    79 |    76 |    86 |       ||   241
       Broad axe         |       |       |   205 |    78 ||   283
Evoke: Wand              |       |       |     5 |       ||     5
  Use: Scroll            |     2 |     5 |     5 |     4 ||    16
       Potion            |     1 |     7 |     3 |     8 ||    19
 Stab: Sleeping          |       |       |     1 |       ||     1
       Invisible         |       |       |     4 |       ||     4
Armor: Scale mail        |    36 |    24 |       |       ||    60
       Ring mail         |       |       |    38 |       ||    38
       Plate armour      |       |       |    72 |    11 ||    83
       Skin              |       |       |       |    19 ||    19
       Swamp dragon scal |       |       |       |    15 ||    15
Dodge: Dodged            |    45 |    38 |   156 |    36 ||   275
Block: Buckler           |    16 |    16 |   100 |    22 ||   154
